 Dungeon Crawl Stone Soup version 0.24-a0-443-g80245de385 (webtiles) character file.

Game seed: 968973071569963640

58 HAL9000 the Ruffian (level 3, 0/28 HPs)
             Began as a Draconian Transmuter on June 21, 2019.
             Was an Initiate of Ru.
             Slain by a hungry ghost (1 damage)
             ... while paralysed
             ... on level 2 of the Dungeon on June 22, 2019.
             The game lasted 00:04:41 (1659 turns).

HAL9000 the Ruffian (Draconian Transmuter)          Turns: 1659, Time: 00:04:41

Health: 0/28       AC:  7    Str: 12    XL:     3   Next: 75%
Magic:  2/6        EV:  2    Int: 14    God:    Ru [......]
Gold:   99         SH:  0    Dex: 11    Spells: 0/6 levels left

rFire    . . .     SeeInvis .     - Unarmed
rCold    . . .     Gourm    .   (no shield)
rNeg     . . .     Faith    .   (armour unavailable)
rPois    .         Spirit   .   (helmet restricted)
rElec    .         Reflect  .   (no cloak)
rCorr    .         Harm     .   (no gloves)
MR       .....                  f - +1 pair of boots
Stlth    +.........             (no amulet)
HPRegen  0.09/turn              (no ring)
MPRegen  0.10/turn              (no ring)

@: paralysed, fainting
A: unfitting armour, cold-blooded, AC +5
a: Renounce Religion


You were on level 2 of the Dungeon.
You worshipped Ru.
Ru was noncommittal.
You were fainting.

You visited 1 branch of the dungeon, and saw 3 of its levels.

You collected 99 gold pieces.

Inventory:

Missiles
 a - 12 arrows
Armour
 f - a +1 pair of boots (worn)
Jewellery
 h - an uncursed ring of fire
Scrolls
 b - 2 scrolls of identify {unknown}
 d - 2 scrolls of teleportation {unknown}
 e - a scroll of remove curse {unknown}
 g - 2 scrolls of blinking {unknown}
Potions
 i - 2 potions of lignification {unknown}
Comestibles
 c - 2 rations


   Skills:
 - Level 1.1 Fighting
 - Level 1.7 Dodging
 + Level 4.7 Unarmed Combat
 - Level 2.0 Spellcasting
 - Level 2.0 Transmutations


You couldn't memorise any spells.
You knew the following spells:

 Your Spells              Type           Power        Failure   Level  Hunger
a - Beastly Appendage     Tmut           #.....       11%         1    ##.....
b - Sticks to Snakes      Tmut           #.......     16%         2    ###....
c - Spider Form           Tmut/Pois      #.........   43%         3    ####...

Your spell library contained the following spells:

 Spells                   Type           Power        Failure   Level  Hunger
 Ice Form                 Ice/Tmut       #.......     83%         4    #####..
 Blade Hands              Tmut           #.........   96%         5    ######.


Dungeon Overview and Level Annotations

Branches:
Dungeon (3/15)

Altars:
Ashenzari
Cheibriados
Nemelex Xobeh
Okawaru
Ru
Wu Jian
Yredelemnul


Innate Abilities, Weirdness & Mutations

Your plain brown scales are hard. (AC +5)
You cannot fit into any form of body armour.
You are cold-blooded and may be slowed by cold attacks.


Message History

You lose consciousness!
The hungry ghost hits you.
* * * LOW HITPOINT WARNING * * *
You feel slightly more hungry. The hungry ghost hits you.
* * * LOW HITPOINT WARNING * * *
You feel slightly more hungry. The hungry ghost hits you.
* * * LOW HITPOINT WARNING * * *
You feel slightly more hungry. The hungry ghost completely misses you.
Your transformation has ended.
Your +1 pair of boots unmelds from your body.
The hungry ghost hits you.
* * * LOW HITPOINT WARNING * * *
You feel slightly more hungry. The hungry ghost hits you.
You feel slightly more hungry.
Your magical contamination has completely faded away.
The hungry ghost hits you.
You die...

(......# ######.######### ####
#####..........############ #...
............##.#..........# ##'##
##.##...###.##.#..........# #....
.#.########.##.#..........# #....
.#...........#.#..........# #....
.##########..#.#####...######....
................@W............>..
.###########.##########.#####....
.# #..# #.....#.... .# ##.##
#.....#.... .# #..# #.....#....
.# ##'## #.....#.... ## #...#
#####.#####.... ## #...#
#......####.... .#
###...###........##....


You could see a hungry ghost.

Vanquished Creatures
  2 adders (D:2)
  A worm (D:2)
  2 dart slugs
  5 bats
  A giant cockroach (D:2)
  2 goblins
  4 hobgoblins
  A jackal (D:3)
  2 quokkas (D:2)
  3 frilled lizards
  8 kobolds (D:2)
  3 rats
34 creatures vanquished.

Notes
Turn   | Place    | Note
-------+----------+-------------------------------------------
     0 | D:1      | HAL9000 the Draconian Transmuter began the quest for the
                  | Orb.
     0 | D:1      | Reached XP level 1. HP: 16/16 MP: 3/3
   604 | D:2      | Reached XP level 2. HP: 16/23 MP: 3/5
   792 | D:2      | Reached skill level 4 in Unarmed Combat
   802 | D:2      | Learned a level 2 spell: Sticks to Snakes
   989 | D:2      | Reached XP level 3. HP: 25/28 MP: 6/6
  1166 | D:2      | Learned a level 3 spell: Spider Form
  1417 | D:2      | Found a snail-covered altar of Cheibriados.
  1417 | D:2      | Found a shattered altar of Ashenzari.
  1422 | D:2      | Found a sacrificial altar of Ru.
  1422 | D:2      | Found a basalt altar of Yredelemnul.
  1424 | D:2      | Found an ornate altar of the Wu Jian Council.
  1424 | D:2      | Found an iron altar of Okawaru.
  1437 | D:2      | Became a worshipper of Ru the Awakened
  1575 | D:3      | Noticed a hungry ghost
  1596 | D:3      | Found a sparkling altar of Nemelex Xobeh.
  1653 | D:2      | Paralysed by fainting for 11 turns
  1657 | D:2      | HP: 1/28 [hungry ghost (1)]
  1659 | D:2      | Slain by a hungry ghost

Levels and vault maps discovered:
D:1:      lightli_arrival_isolated_outpost, layout_basic, lemuel_flame_loot_1
D:2:      layout_basic, grunt_temple_overflow_open
D:3:      layout_loops_cross, tgw_sif, nemelex_xobeh_ov_fountains_minmay,
          chequers_ecumenical_altar_grove, fedhas_altar_1, uniq_ijyb

Skill      XL: |  1  2 |
---------------+-------+-----
Unarmed Combat | 4 |  4.7
Fighting       | |  1.1
Dodging        | |  1.7
Spellcasting   | |  2.0
Transmutations | |  2.0

Action                   || total
-------------------------++-------
Melee: Unarmed           ||   131
       Tailslap          ||     9
       Headbutt          ||    10
       Kick              ||     1
       Punch             ||     2
 Cast: Beastly Appendage ||    16
       Spider Form       ||     1
  Eat: Chunk             ||     3
       Ration            ||     1
Armor: Skin              ||    52
Dodge: Dodged            ||   104

Table legend:
 A = Non-vault XP
 B = Vault XP
 C = Vault XP percentage of total XP
 D = Non-vault monster count
 E = Vault monster count
 F = Vault count percentage of total count
                 A         B        C        D         E       F
            +---------+---------+-------+---------+---------+-------
      Total |      83 |       0 |   0.0 |      34 |       0 |   0.0
            +---------+---------+-------+---------+---------+-------
        D:1 |      10 |       0 |   0.0 |       5 |       0 |   0.0
        D:2 |      67 |       0 |   0.0 |      25 |       0 |   0.0
        D:3 |       6 |       0 |   0.0 |       4 |       0 |   0.0
            +---------+---------+-------+---------+---------+-------
